 Dungeon Crawl Stone Soup version 0.29-a0-962-gc8bbfd0a37 (webtiles) character file.

Game seed: 17100300077868539192

42625 pokeman the Eclecticist (level 13, -9/72 HPs)
             Began as a Deep Elf Hedge Wizard on July 30, 2022.
             Was an Elder of Vehumet.
             Shot with a bolt by a yaktaur (25 damage)
             ... on level 15 of the Dungeon.
             The game lasted 01:00:52 (20626 turns).

pokeman the Eclecticist (Deep Elf Hedge Wizard)    Turns: 20626, Time: 01:00:53

Health: -9/72      AC: 10    Str: 14    XL:     13   Next: 86%
Magic:  52/56      EV: 13    Int: 25    God:    Vehumet [****..]
Gold:   999        SH:  7    Dex: 17    Spells: 25/51 levels left

rFire   . . .      SeeInvis .   k - +5 spear "Maereheziy" {freeze, rF- MP+9 Str+4 Dex+3}
rCold   x . .      Faith    .   C - +2 buckler "Doezyc" {rPois Str+3}
rNeg    . . .      Spirit   .   t - +3 leather armour {rPois}
rPois   +          Reflect  .   c - +0 hat
rElec   .          Harm     .   S - +0 cloak
rCorr   .          Rampage  .   m - +0 pair of gloves
Will    +....                   u - +0 pair of boots
Stlth   +++.......              (no amulet)
HPRegen 0.22/turn               p - ring of magical power
MPRegen 0.35/turn               j - ring of fire

@: no status effects
A: no striking features
a: Renounce Religion


You were on level 15 of the Dungeon.
You worshipped Vehumet.
Vehumet was greatly pleased with you.
You visited 2 branches of the dungeon, and saw 16 of its levels.

You collected 999 gold pieces.

Inventory:

Hand Weapons
 b - the +10 hand axe of Watchfulness {vamp, rElec Str+4}
   (You found it on level 11 of the Dungeon)

   It occasionally heals its wielder for a portion of the damage dealt when it
   wounds a living foe.
   Str:       It affects your strength (+4).
   rElec:     It insulates you from electricity.
 k - the +5 spear "Maereheziy" (weapon) {freeze, rF- MP+9 Str+4 Dex+3}
   (You found it on level 11 of the Dungeon)

   It freezes those it strikes, dealing additional cold damage.
   It can also slow down cold-blooded creatures.
   Str:       It affects your strength (+4).
   Dex:       It affects your dexterity (+3).
   rF:        It makes you vulnerable to fire.
   MP:        It affects your magic capacity (+9).
 y - a +4 vorpal sling
 K - the +10 zealot's sword {holy, *Rage rN+ EV+3}
   (You found it on level 7 of the Dungeon)

   It has been blessed by the Shining One to cause great damage to the undead
   and demons.
   Whenever the wielder enters a berserk rage, their allies are berserked
   alongside them.
   EV:        It affects your evasion (+3).
   rN:        It protects you from negative energy.
   *Rage:     It berserks you when you make melee attacks (+20% chance).
Armour
 c - a +0 hat (worn)
 m - a +0 pair of gloves (worn)
 t - a +3 leather armour of poison resistance (worn)
 u - a +0 pair of boots (worn)
 C - the +2 buckler "Doezyc" (worn) {rPois Str+3}
   (You found it on level 7 of the Dungeon)

   Str:       It affects your strength (+3).
   rPois:     It protects you from poison.
 L - +0 steam dragon scales
 S - a +0 cloak (worn)
 X - an orb of light
Jewellery
 e - the ring "Eroawn" {*Corrode rC+ rN+ Str+5 Dex+4}
   (You found it on level 13 of the Dungeon)

   [ring of positive energy]

   Str:       It affects your strength (+5).
   Dex:       It affects your dexterity (+4).
   rC:        It protects you from cold.
   rN:        It protects you from negative energy.
   *Corrode:  It may corrode you when you take damage.
 j - a ring of fire (right hand)
 l - a ring of flight
 p - a ring of magical power (left hand)
 q - the ring "Holant" {Fire Fly rElec Slay-4}
   (You found it on level 6 of the Dungeon)

   [ring of fire]

   It enhances your fire magic.
   Slay:      It affects your accuracy & damage with ranged weapons and melee
   (-4).
   rF:        It protects you from fire.
   rC:        It makes you vulnerable to cold.
   rElec:     It insulates you from electricity.
   Fly:       It grants you flight.
Wands
 r - a wand of flame (19)
 v - a wand of quicksilver (5)
 O - a wand of digging (4)
 U - a wand of iceblast (2)
Scrolls
 f - a scroll of silence
 h - 12 scrolls of teleportation
 s - 3 scrolls of fear
 x - 3 scrolls of fog
 V - 2 scrolls of blinking
Potions
 a - 4 potions of haste
 d - 4 potions of magic
 g - 2 potions of mutation
 i - 2 potions of might {unknown}
 n - 6 potions of curing
 o - a potion of lignification {unknown}
 w - 3 potions of resistance {unknown}
 E - 4 potions of invisibility {unknown}
 F - 3 potions of heal wounds {unknown}
 H - a potion of flight {unknown}
 I - a potion of ambrosia {unknown}
 N - a potion of attraction {unknown}
 P - 2 potions of experience {unknown}
 Q - a potion of cancellation {unknown}
Miscellaneous
 G - a box of beasts
 R - a lightning rod (4/4)


   Skills:
 - Level 5.0 Fighting
 - Level 5.0 Armour
 - Level 4.0 Dodging
 - Level 4.0 Stealth
 + Level 4.8 Shields
 * Level 19.8 Spellcasting
 + Level 12.0 Conjurations
 - Level 1.1 Summonings
 - Level 1.1 Translocations
 - Level 1.1 Transmutations
 + Level 11.3 Fire Magic
 - Level 2.0 Ice Magic
 - Level 1.0 Air Magic
 - Level 1.0 Earth Magic
 - Level 1.0 Poison Magic
 - Level 1.1 Evocations


You had 25 spell levels left.
You knew the following spells:

 Your Spells              Type           Power      Damage    Failure   Level
a - Magic Dart            Conj           100%       1d8       0%          1
b - Mephitic Cloud        Conj/Pois/Air  48%        N/A       1%          3
c - Call Imp              Summ           30%        N/A       2%          2
d - Blink                 Tloc           60%        N/A       2%          2
e - Conjure Flame         Conj/Fire      90%        6-21      1%          3
f - Stone Arrow           Conj/Erth      100%       3d13      1%          3
g - Fireball              Conj/Fire      45%        3d18      1%          5
h - Freezing Cloud        Conj/Ice/Air   24%        6-21      3%          5
i - Wereblood             Tmut           30%        N/A       2%          2

Your spell library contained the following spells:

 Spells                   Type           Power      Damage    Failure   Level
 Searing Ray              Conj           100%       2d8       1%          2
 Fulminant Prism          Conj/Hex       26%        3d14      1%          4
 Lightning Bolt           Conj/Air       27%        1d44      1%          5
 Slow                     Hex            96%        N/A       3%          1
 Ensorcelled Hibernation  Hex/Ice        58%        N/A       3%          2
 Ozocubu's Armour         Ice            35%        N/A       3%          3
 Sublimation of Blood     Necr           24%        N/A       4%          2
 Spider Form              Tmut/Pois      30%        N/A       5%          3
 Airstrike                Air            14%        0-6+      5%          4
 Confusing Touch          Hex            24%        N/A       9%          3
 Tukima's Dance           Hex            24%        N/A       9%          3
 Vampiric Draining        Necr           24%        2d7       9%          3
 Iron Shot                Conj/Erth      27%        9d6       9%          6
 Lee's Rapid Deconstruct  Erth           14%        3d10*     14%         5
 Animate Armour           Summ/Erth      60%        N/A       19%         4
 Petrify                  Tmut/Erth      30%        N/A       19%         4
 Summon Lightning Spire   Summ/Air       30%        N/A       19%         4
 Anguish                  Hex/Necr       12%        N/A       28%         4
 Blade Hands              Tmut           15%        N/A       45%         5
 Metabolic Englaciation   Hex/Ice        14%        N/A       47%         5
 Ozocubu's Refrigeration  Ice            17%        4d8       92%         7
 Statue Form              Tmut/Erth      20%        N/A       96%         6
 Summon Hydra             Summ           15%        N/A       100%        7


Dungeon Overview and Level Annotations

Branches:
Dungeon (15/15)            Temple (1/1) D:5            Lair (0/5) D:10
    Orc (0/2) D:11         Vaults (0/5) D:14
 Depths: D:15

Altars:
Ashenzari
Cheibriados
Elyvilon
Kikubaaqudgha
Makhleb
Nemelex Xobeh
Okawaru
Qazlal
Ru
Sif Muna
Trog
Uskayaw
Vehumet
Wu Jian
Xom
Zin
The Shining One

Shops:
D:4 [[*   D:13 *

Portals:
Trove: D:12 (give +1 shadow dragon scales)

Annotations:
D:15 Roxanne
Temple 2 transporters


Message History

You kill the yaktaur!
Vehumet accepts your kill.
You feel your power returning.
Unknown command.
Casting: Stone Arrow (safe; 1% risk of failure)
Confirm with . or Enter, or press ? or * to list all spells.
Aiming: Stone Arrow (safe; 1% risk of failure)
Press: ? - help, Shift-Dir - straight line, f - yaktaur
Aim: a yaktaur (freezing vapour, severely wounded, 95% to hit)
The stone arrow hits the yaktaur!
You kill the yaktaur!
Vehumet accepts your kill.
You feel your power returning.
The yaktaur is engulfed in freezing vapours.
The yaktaur wields a +0 arbalest.
The yaktaur shoots a bolt.
You block the bolt.
The yaktaur is engulfed in freezing vapours.
The yaktaur shoots a bolt.
The bolt hits you!!
The yaktaur is engulfed in freezing vapours.
You kill the yaktaur!
Vehumet accepts your kill.
You feel your power returning.
A yaktaur comes into view.
The yaktaur wields a +0 arbalest.
The yaktaur shoots a bolt.
You block the bolt.
Casting: Stone Arrow (safe; 1% risk of failure)
Confirm with . or Enter, or press ? or * to list all spells.
Aiming: Mephitic Cloud (safe; 1% risk of failure)
Press: ? - help, Shift-Dir - straight line, f - yaktaur
Aim: a yaktaur, wielding a +0 arbalest (chance to affect: 62%)
The ball explodes into a vile cloud!
The stinking cloud engulfs the yaktaur but does no damage.
The yaktaur is engulfed in noxious fumes.
The yaktaur shoots a bolt.
The bolt hits you!
* * * LOW HITPOINT WARNING * * *
Unknown command.
A yaktaur comes into view.
The yaktaur wields a +0 arbalest.
The yaktaur shoots a bolt.
The bolt hits you!!
You die...

....# ..
#.... #..
....# #..#
...# #....
...#
####☼.##..#
c§§c......#
#).##...#
#○§..@..#
#..§#........
#.. #.#.##.##
#. #.#.# # ..
#.#.# ##
#+#+#


You could see a yaktaur.

Vanquished Creatures
  Rupert (D:13)
  Louise (D:14)
  A vault guard (D:14)
  A rakshasa (D:13)
  2 boulder beetles
  A hydra (D:13)
  3 centaur warriors
  Erica (D:9)
  A death knight (D:13)
  2 two-headed ogres
  4 skeletal warriors (D:13)
  A deep elf pyromancer (D:12)
  2 necromancers (D:9)
  2 phantasmal warriors (D:13)
  6 ugly things
  9 cyclopes
  3 manticores (D:14)
  2 guardian serpents (D:11)
  3 gargoyles
  Maggie (D:8)
  Psyche (D:11)
  An efreet (D:14)
  An unseen horror (D:7)
  4 unseen horror zombies (D:9)
  A freezing wraith (D:13)
  3 yaktaurs (D:15)
  2 unseen horror skeletons (D:9)
  A komodo dragon (D:11)
  A tengu conjurer (D:12)
  8 trolls
  3 meliai (D:9)
  A hornet (D:11)
  12 slime creatures
  Sigmund (D:2)
  7 shadows
  4 flying skulls (D:9)
  6 wraiths
  12 yaks (D:9)
  11 humans
  10 vampire mosquitoes
  3 water moccasins
  A black bear (D:7)
  5 orc warriors
  2 ice beasts
  4 ogres
  2 sky beasts (D:7)
  4 centaurs
  A kobold brigand (D:8)
  A bullfrog (D:6)
  2 scorpions
  2 gnoll sergeants
  2 wights (D:9)
  21 killer bees
  A howler monkey (D:6)
  3 centaur zombies (D:9)
  2 hounds
  2 jellies
  5 orc priests
  Jessica (D:2)
  Ijyb (D:5)
  3 centaur skeletons (D:9)
  4 iguanas
  10 orc wizards
  A howler monkey zombie (D:9)
  10 gnolls
  2 howler monkey skeletons (D:9)
  5 adders
  2 shadow imps (D:7)
  4 white imps
  An ufetubus (D:5)
  2 worms
  A dart slug (D:2)
  35 orcs
  5 ball pythons
  7 endoplasms
  2 giant cockroaches
  7 goblins
  5 hobgoblins
  9 kobolds
  4 quokkas
  3 bats (D:3)
  2 frilled lizards (D:2)
  5 rats
331 creatures vanquished.

Vanquished Creatures (collateral kills)
  A yak (D:7)
  A centaur (D:7)
  A scorpion (D:7)
  A killer bee (D:10)
  A jelly (D:7)
  An orc priest (D:7)
  A gnoll (D:9)
  3 orcs (D:7)
10 creatures vanquished.

Vanquished Creatures (others)
  A vault guard (D:14)
  A human (D:14)
  A killer bee (D:9)
  A fungus (D:4)
  8 plants (D:1)
12 creatures vanquished.

Grand Total: 353 creatures vanquished

Notes
Turn   | Place    | Note
-------+----------+-------------------------------------------
     0 | D:1      | pokeman the Deep Elf Hedge Wizard began the quest for the
                  | Orb.
     0 | D:1      | Reached XP level 1. HP: 10/10 MP: 7/7
    97 | D:1      | Found a faded altar of an unknown god.
   449 | D:1      | Reached XP level 2. HP: 15/15 MP: 5/9
  1084 | D:1      | Reached skill level 5 in Spellcasting
  1216 | D:2      | Noticed Jessica
  1220 | D:2      | Killed Jessica
  1221 | D:2      | Reached skill level 1 in Fighting
  1221 | D:2      | Reached skill level 1 in Armour
  1221 | D:2      | Reached XP level 3. HP: 20/20 MP: 6/11
  1228 | D:2      | Learned a level 3 spell: Mephitic Cloud
  1231 | D:2      | Learned a level 2 spell: Blink
  1234 | D:2      | Learned a level 2 spell: Call Imp
  1238 | D:2      | Learned a level 3 spell: Conjure Flame
  1355 | D:2      | Noticed Sigmund
  1475 | D:2      | Reached XP level 4. HP: 23/25 MP: 0/13
  1607 | D:2      | Killed Sigmund
  1608 | D:2      | Reached skill level 6 in Spellcasting
  1608 | D:2      | Reached XP level 5. HP: 25/29 MP: 8/16
  2228 | D:3      | Found a shimmering altar of Xom.
  2273 | D:3      | Found a white marble altar of Elyvilon.
  2343 | D:3      | Reached XP level 6. HP: 34/34 MP: 17/17
  3177 | D:4      | Found a glowing silver altar of Zin.
  3177 | D:4      | Found a snail-covered altar of Cheibriados.
  3201 | D:4      | Noticed a water moccasin
  3212 | D:4      | Killed a water moccasin
  3213 | D:4      | Reached skill level 7 in Spellcasting
  3300 | D:4      | Found an ancient bone altar of Kikubaaqudgha.
  3364 | D:4      | Found Ejiduin's Antique Armour Shop.
  3668 | D:4      | Found Wepoko's Assorted Antiques.
  3686 | D:4      | Found Enteodd's Armour Shoppe.
  3816 | D:4      | Found a sacrificial altar of Ru.
  4116 | D:5      | Entered Level 5 of the Dungeon
  4124 | D:5      | Noticed a troll
  4129 | D:5      | Killed a troll
  4130 | D:5      | Reached skill level 1 in Shields
  4130 | D:5      | Reached skill level 8 in Spellcasting
  4130 | D:5      | Reached skill level 1 in Fire Magic
  4130 | D:5      | Reached XP level 7. HP: 38/38 MP: 20/20
  4289 | D:5      | Noticed Ijyb
  4486 | D:5      | Reached skill level 1 in Air Magic
  4486 | D:5      | Reached skill level 1 in Poison Magic
  4518 | D:5      | Killed Ijyb
  4674 | D:5      | Reached XP level 8. HP: 26/43 MP: 10/22
  4858 | D:5      | Found a radiant altar of Vehumet.
  4862 | D:5      | Became a worshipper of Vehumet
  4894 | D:5      | Reached skill level 9 in Spellcasting
  5296 | D:5      | Found a staircase to the Ecumenical Temple.
  5483 | D:6      | Upgraded the game from 0.29-a0-925-g0a7a3d12f8 to
                  | 0.29-a0-962-gc8bbfd0a37
  5595 | D:6      | Identified the ring "Holant" {Fire Fly rElec Slay-4}
  5750 | D:6      | Reached skill level 5 in Conjurations
  6278 | D:7      | Reached skill level 1 in Evocations
  6312 | D:7      | Reached skill level 10 in Spellcasting
  6757 | D:7      | Found a sparkling altar of Nemelex Xobeh.
  6807 | D:7      | Found a glowing golden altar of the Shining One.
  6943 | D:7      | Reached XP level 9. HP: 47/48 MP: 25/25
  6949 | D:7      | Reached * piety under Vehumet
  6949 | D:7      | Offered knowledge of Sandblast by Vehumet.
  7103 | D:7      | Noticed a gargoyle
  7175 | D:7      | Noticed a boulder beetle
  7377 | D:7      | Killed a gargoyle
  7378 | D:7      | Reached skill level 11 in Spellcasting
  7740 | D:7      | Noticed a gargoyle
  7740 | D:7      | Noticed a cyclops
  7740 | D:7      | Found the +10 zealot's sword {holy, *Rage rN+ EV+3}
  7748 | D:7      | Reached skill level 5 in Fire Magic
  7789 | D:7      | HP: 2/48 [ice beast (7)]
  8148 | D:7      | Killed a gargoyle
  8149 | D:7      | Reached skill level 12 in Spellcasting
  8500 | D:7      | Killed a cyclops
  8923 | D:7      | Killed a boulder beetle
  8924 | D:7      | Reached XP level 10. HP: 19/53 MP: 13/28
  9173 | D:7      | Identified the +2 buckler "Doezyc" {rPois Str+3}
  9182 | D:7      | Got the Tractate on Curses and the Caves
  9187 | D:7      | Learned a level 3 spell: Stone Arrow
  9275 | D:7      | Reached skill level 13 in Spellcasting
  9275 | D:7      | Reached skill level 1 in Earth Magic
  9320 | D:7      | Learned a level 2 spell: Wereblood
  9632 | D:8      | Noticed Maggie
  9646 | D:8      | Killed Maggie
  9991 | D:8      | Found an ornate altar of the Wu Jian Council.
 10033 | D:8      | Found an iron altar of Okawaru.
 10331 | D:8      | Noticed a centaur warrior
 10342 | D:8      | Killed a centaur warrior
 10513 | D:9      | Offered knowledge of Shock by Vehumet.
 10513 | D:9      | Noticed Erica
 10514 | D:9      | Reached ** piety under Vehumet
 10524 | D:9      | Reached skill level 14 in Spellcasting
 10532 | D:9      | Killed Erica
 10547 | D:9      | Reached XP level 11. HP: 53/57 MP: 27/31
 10612 | D:9      | Noticed a necromancer
 10620 | D:9      | Killed a necromancer
 10698 | D:9      | Reached skill level 15 in Spellcasting
 10965 | D:9      | Offered knowledge of Ignite Poison by Vehumet.
 10997 | D:9      | Reached *** piety under Vehumet
 11349 | D:9      | Noticed a necromancer
 11357 | D:9      | Killed a necromancer
 11613 | D:9      | Offered knowledge of Inner Flame by Vehumet.
 11781 | D:9      | Reached skill level 16 in Spellcasting
 11808 | D:9      | Noticed a two-headed ogre
 11812 | D:9      | Killed a two-headed ogre
 11914 | D:9      | Found a burning altar of Makhleb.
 12179 | D:9      | Found a bloodstained altar of Trog.
 12519 | D:10     | Entered Level 10 of the Dungeon
 12532 | D:10     | Reached XP level 12. HP: 58/66 MP: 34/34
 12715 | D:10     | Found a broken altar of Ashenzari.
 12838 | D:10     | Reached **** piety under Vehumet
 12845 | D:10     | Offered knowledge of Freezing Cloud by Vehumet.
 12852 | D:10     | Learned a level 5 spell: Freezing Cloud
 12988 | D:10     | Found a stormy altar of Qazlal.
 13046 | D:10     | Found a staircase to the Lair.
 13804 | Temple   | Entered the Ecumenical Temple
 13804 | Temple   | Found a transporter.
 13804 | Temple   | Found a transporter.
 13940 | D:11     | Noticed Psyche
 14075 | D:11     | Identified the +10 hand axe of Watchfulness {vamp, rElec
                  | Str+4}
 14138 | D:11     | Killed Psyche
 14231 | D:11     | Identified the +10 scimitar of the Living Dead {antimagic,
                  | rC+ Str+3}
 14328 | D:11     | You are sucked into a shaft and drop 2 floors!
 14340 | D:13     | Noticed a centaur warrior
 14350 | D:13     | Reached skill level 1 in Ice Magic
 14353 | D:13     | Killed a centaur warrior
 14354 | D:13     | Reached skill level 10 in Conjurations
 14354 | D:13     | Identified the ring "Eroawn" {*Corrode rC+ rN+ Str+5 Dex+4}
 14431 | D:13     | Noticed Rupert
 14492 | D:13     | Noticed a rakshasa
 14496 | D:13     | Killed a rakshasa
 14581 | D:12     | Noticed a boulder beetle
 14596 | D:13     | Found Matz's General Store.
 14835 | D:13     | Reached skill level 17 in Spellcasting
 14841 | D:13     | Noticed a seven-headed hydra
 14846 | D:13     | Killed a seven-headed hydra
 15201 | D:12     | Found a portal to a secret trove of treasure.
 15693 | D:11     | Noticed a two-headed ogre
 15698 | D:11     | Killed a two-headed ogre
 15699 | D:11     | Reached skill level 10 in Fire Magic
 15896 | D:11     | Reached skill level 18 in Spellcasting
 16056 | D:11     | Reached skill level 5 in Armour
 16222 | D:11     | Identified the +5 spear "Maereheziy" {freeze, rF- MP+9
                  | Str+4 Dex+3}
 16386 | D:11     | Found a staircase to the Orcish Mines.
 16533 | D:11     | Found an iron altar of Okawaru.
 16690 | D:12     | Killed a boulder beetle
 16691 | D:12     | Reached skill level 1 in Transmutations
 16691 | D:12     | Reached XP level 13. HP: 70/70 MP: 31/37
 16940 | D:12     | Reached ***** piety under Vehumet
 16940 | D:12     | Offered knowledge of Fireball by Vehumet.
 16947 | D:12     | Learned a level 5 spell: Fireball
 18289 | D:13     | Killed Rupert
 18578 | D:14     | Reached skill level 19 in Spellcasting
 18788 | D:14     | Reached skill level 5 in Fighting
 18890 | D:14     | Noticed Louise
 18902 | D:14     | Killed Louise
 20506 | D:14     | Found a gate to the Vaults.
 20596 | D:15     | Entered Level 15 of the Dungeon
 20596 | D:15     | Noticed Roxanne
 20626 | D:15     | Shot with a bolt by a yaktaur

Illustrated notes

Levels and vault maps discovered:
D:1:      dpeg_arrival_stone_temple_mockup, layout_loops_ring,
          hellmonk_ecumenical_altar_crossroads, nicolae_grassy_gnolls
D:2:      layout_rooms, uniq_sigmund, uniq_jessica
D:3:      layout_basic, mainiacjoe_overflow_catwalk_spiral
D:4:      layout_cave_pools, mainiacjoe_overflow_chevrons,
          nicolae_ru_path_of_blood, mainiacjoe_overflow_large_starburst,
          serial_shops, shop_statue, shop, nicolae_shop_stone
D:5:      layout_cave_pools, mainiacjoe_overflow_brackets,
          minmay_temple_entry_enclosed_plants, uniq_ijyb
D:6:      layout_rooms
D:7:      minmay_the_grid_triangle_9x9_recursive_2
          [minmay_the_grid_triangle_9x9_prize_insulated,
          minmay_the_grid_triangle_9x9_wacky_v,
          minmay_the_grid_triangle_9x9_stretched_checkered,
          minmay_the_grid_triangle_9x9_alien], layout_basic,
          nemelex_spade_bored_becter, kennysheep_mini_moat
D:8:      layout_loops_corners, nicolae_wu_jian_wuxing_cycle,
          mainiacjoe_overflow_paths, nrook_loot_triangle, minmay_microvault,
          uniq_maggie
D:9:      hangedman_screamer, layout_loops_ring, mainiacjoe_overflow_boulevard,
          mainiacjoe_overflow_six_doors_small, st_stairs_6, uniq_erica
D:10:     layout_cave_pods, ashenzari_altar_1, mainiacjoe_overflow_alcove_1,
          lair_entry_dummy
D:11:     nrook_guardian_serpent_snake_passage, layout_cave_pods, orc_0_dummy,
          okawaru_humans, uniq_psyche
D:12:     layout_small_grid, nicolae_trove_entry_free_sample,
          minmay_misc_feat_tower, st_stairs_12
D:13:     layout_roguey, serial_shops, nicolae_square_shop, uniq_rupert
D:14:     layout_stronghold, ximxim_vaults_locker_room,
          hangedman_decor_peaks_small, kennysheep_generic_room_12, uniq_louise
D:15:     grunt_enter_depths_giant_problem, layout_basic, serial_ice,
          serial_ice_j, serial_ice_g, serial_ice_f, serial_ice_o,
          portal_ice_cave_entry_ice_statue_one, grunt_decor_cap, uniq_roxanne,
          uniq_azrael
Temple:   hellmonk_temple_divided_pantheon

Skill      XL: |  1  2  3  4  5  6  7  8  9 10 11 12 13 |
---------------+----------------------------------------+-----
Spellcasting   | 5 6 8 10 12 14 16 18 19 | 19.8
Fighting       | 1 2 4 5 |  5.0
Armour         | 1 2 3 5 |  5.0
Conjurations   | 2 3 4 5 7 8 9 10 12 | 12.0
Dodging        | 3 4 |  4.0
Stealth        | 3 4 |  4.0
Shields        | 1 3 4 |  4.8
Fire Magic     | 1 2 4 6 7 8 10 11 | 11.3
Air Magic      | 1 |  1.0
Poison Magic   | 1 |  1.0
Evocations     | 1 |  1.1
Earth Magic    | 1 |  1.0
Ice Magic      | 2 |  2.0
Transmutations | 1 |  1.1
Summonings     | |  1.1
Translocations | |  1.1

Action                   |  1- 3 |  4- 6 |  7- 9 | 10-12 | 13-15 || total
-------------------------+-------+-------+-------+-------+-------++-------
Melee: Dagger            |    12 |    12 |    46 |       |       ||    70
       Punch             |     1 |       |     1 |       |       ||     2
       Short sword       |       |       |    15 |       |       ||    15
       Eudemon blade     |       |       |       |   108 |       ||   108
       Unarmed           |       |       |       |    20 |       ||    20
       Spear             |       |       |       |       |     7 ||     7
Throw: Dart              |     6 |     6 |       |       |       ||    12
 Cast: Magic Dart        |    62 |   109 |   306 |    13 |       ||   490
       Conjure Flame     |     1 |     3 |    27 |    34 |     1 ||    66
       Mephitic Cloud    |     1 |     2 |    32 |    39 |     7 ||    81
       Call Imp          |     1 |       |     9 |     1 |       ||    11
       Blink             |       |       |     2 |     3 |       ||     5
       Stone Arrow       |       |       |       |   159 |    57 ||   216
       Wereblood         |       |       |       |     3 |       ||     3
       Freezing Cloud    |       |       |       |    13 |    33 ||    46
       Fireball          |       |       |       |       |    14 ||    14
Evoke: Wand              |       |       |     2 |       |       ||     2
  Use: Scroll            |       |       |       |    16 |       ||    16
 Stab: Confused          |       |     3 |     4 |     5 |     1 ||    13
       Sleeping          |       |       |     1 |       |       ||     1
       Distracted        |       |       |       |     1 |       ||     1
Armor: Robe              |     2 |       |       |       |       ||     2
       Leather armour    |     3 |     6 |    23 |       |     4 ||    36
       Troll leather arm |       |       |     8 |       |       ||     8
       Steam dragon scal |       |       |       |    30 |       ||    30
       Skin              |       |       |       |     2 |       ||     2
Dodge: Dodged            |    12 |    19 |    84 |   141 |    10 ||   266
Block: Buckler           |       |       |       |    62 |    15 ||    77

Table legend: (Time is in decaauts)
 A = Elapsed time spent in this place.
 B = Non-inter-level travel time spent in this place.
 C = Inter-level travel time spent in this place.
 D = Time resting spent in this place.
 E = Time spent auto-exploring this place.
 F = Levels seen in this place.
 G = Mean time per level.
                   A        B        C        D        E       F      G
               +--------+--------+--------+--------+--------+-----+--------+
         Total |  20793 |  20118 |    675 |   3573 |  13257 |  16 | 1299.6 |
       Dungeon |  20756 |  20084 |    672 |   3573 |  13257 |  15 | 1383.7 |
        Temple |     36 |     34 |      2 |      0 |      0 |   1 |   36.0 |
               +--------+--------+--------+--------+--------+-----+--------+

Top non-repeatable levels by time:
     D:7: 2726 daAuts
    D:14: 2229 daAuts
    D:13: 1807 daAuts
     D:9: 1698 daAuts
     D:8: 1640 daAuts
    D:11: 1323 daAuts
    D:10: 1318 daAuts
     D:5: 1308 daAuts
     D:1: 1274 daAuts
    D:12: 1269 daAuts
     D:6: 1183 daAuts
     D:4: 1063 daAuts
     D:3: 1058 daAuts
     D:2: 842 daAuts
  Temple: 36 daAuts
